 Dungeon Crawl Stone Soup version 0.20-a0-3-g334f831 (webtiles) character file.

5902 dobroeutro the Grappler (level 10, -3/90 HPs)
             Began as a Troll Monk on Oct 30, 2016.
             Was a High Priest of Cheibriados.
             Slain by a yak (8 damage)
             ... on level 9 of the Dungeon.
             The game lasted 00:12:55 (6218 turns).

dobroeutro the Grappler (Troll Monk)                Turns: 6218, Time: 00:12:56

Health: -3/90      AC:  7    Str: 35    XL:     10   Next: 53%
Magic:  0/10       EV: 13    Int: 17    God:    Cheibriados [*****.]
Gold:   484        SH:  0    Dex: 23    Spells: 0 memorised, 9 levels left

rFire  + + .     SeeInvis .       - Unarmed
rCold  + . .     Gourm    +     a - +0 robe
rNeg   . . .     Faith    .     (no shield)
rPois  .         Spirit   +     z - +0 hat
rElec  .         Reflect  .     G - +1 cloak
rCorr  .         Harm     .     (gloves unavailable)
MR     .....                    (boots unavailable)
Stlth  ++........               v - amulet of guardian spirit
                                L - ring of protection from cold
                                q - ring of protection from fire

@: lethally poisoned (-3 -> -3), very slow
A: unfitting armour, claws 3, hooves 1, clumsy 1, fire resistance 1, fast
metabolism 3, frail 1, gourmand, regeneration 1, shaggy fur 1, strong 1, tough
skin 2, MP-powered wands
a: Bend Time, Temporal Distortion, Slouch, Step From Time, Renounce Religion


You were on level 9 of the Dungeon.
You worshipped Cheibriados.
Cheibriados was extremely pleased with you.
You were completely stuffed.

You visited 2 branches of the dungeon, and saw 10 of its levels.

You collected 484 gold pieces.

Inventory:

Armour
 a - a +0 robe (worn)
 x - a +0 shield
 z - a +0 hat (worn)
 G - a +1 cloak (worn)
Jewellery
 o - an uncursed ring of stealth
 q - a ring of protection from fire (left claw)
 v - an amulet of guardian spirit (around neck)
 y - an uncursed amulet of magic regeneration {unknown}
 L - a ring of protection from cold (right claw)
Wands
 E - a wand of teleportation (5/9)
 H - a wand of iceblast (11/15)
 J - a wand of lightning (7/15)
Scrolls
 b - a scroll of acquirement {unknown}
 c - 2 scrolls of enchant weapon
 g - a scroll of amnesia
 h - 12 scrolls of identify
 j - 3 scrolls of noise
 l - 3 scrolls of enchant armour
 p - 4 scrolls of remove curse
 t - a scroll of recharging {unknown}
 u - a scroll of fog {unknown}
 A - 5 scrolls of teleportation
 D - a scroll of fear {unknown}
 F - a scroll of random uselessness {unknown}
 N - a scroll of blinking {unknown}
 O - a scroll of silence {unknown}
Potions
 d - 3 potions of heal wounds
 e - a potion of beneficial mutation {unknown}
 f - 2 potions of haste {unknown}
 i - 4 potions of curing {unknown}
 k - a potion of lignification {unknown}
 m - 2 potions of invisibility {unknown}
 s - 2 potions of agility {unknown}
 C - a potion of degeneration {unknown}
 K - a potion of resistance {unknown}
 M - 3 potions of might {unknown}
Comestibles
 n - 3 fruits
 r - 4 meat rations
 w - 2 beef jerkies
 B - a slice of pizza
 I - 7 bread rations
 P - 6 chunks of flesh


   Skills:
 + Level 6.6 Fighting
 + Level 6.3 Armour
 + Level 4.4 Dodging
 - Level 1.0 Stealth
 + Level 11.1 Unarmed Combat
 + Level 1.4 Invocations


You had 9 spell levels left.
You didn't know any spells.

Dungeon Overview and Level Annotations

Branches:
Dungeon (9/15)             Temple (1/1) D:6
   Lair: D:8-11         Orc: D:9-12

Altars:
Ashenzari
Cheibriados
Dithmenos
Elyvilon
Fedhas
Gozag
Hepliaklqana
Kikubaaqudgha
Makhleb
Nemelex Xobeh
Okawaru
Qazlal
Ru
Trog
Uskayaw
Vehumet
Xom
Yredelemnul
Zin
The Shining One

Shops:
D:5 ?   D:7 [

Annotations:
D:6 RexLacerta's ghost, novice HaSk
D:8 exclusion: 4 doors


Innate Abilities, Weirdness & Mutations

You are too large for most types of armour.
You have claws for hands.
Your metabolism is lightning-fast.
You like to eat raw meat.
Your natural rate of healing is unusually fast.
You are covered in fur. (AC +1)
You have very tough skin. (AC +2)
You have large cloven feet.
You are clumsy. (Dex -2)
Your flesh is heat resistant. (rF+)
You are frail. (-10% HP)
Your muscles are strong. (Str +2)
You expend magic power (3 MP) to strengthen your wands.


Message History

It was a scroll of noise.
You feel sick.
You hear an angry hiss.
You hear an angry buzzing noise.
You hear an angry hiss.
The yak closely misses you. The yak barely misses you.
The yak completely misses you. The yak gores you.
* * * LOW HITPOINT WARNING * * *
The yak gores you but does no damage.
As you read the scroll labeled TUETRE VIHORY, it crumbles to dust.
It is a scroll of enchant armour.
Your +0 cloak glows green for a moment.
The yak gores you.
* * * LOW HITPOINT WARNING * * *
The yak gores you.
* * * LOW HITPOINT WARNING * * *
The yak gores you!
* * * LOW HITPOINT WARNING * * *
The yak completely misses you. The yak closely misses you.
As you read the scroll labeled DOFEUNUKYS, it crumbles to dust.
It is a scroll of amnesia.
You feel forgetful for a moment. The yak barely misses you. The yak gores you!
You die...

####....#########.###.####
#....##....##.).##.#
#....##.##[##...##.#
###....##.##......##.#
#.........)))#......#.
#.........(#.#....##.#
#..........#........#.#
#..........###......+ .#≈
#.......Y@Y# .......# .≈
#....†..YYY#.####....# #≈
#........Y.# ...#.# ≈#
#..........# ..#.#≈≈
#.......(..# #.#.#.
#............... ..#..
#..............% #.#<
#........l....... #..
#................ #Y#.


You could see 6 yaks and a basilisk.

Vanquished Creatures
  A tengu warrior (D:8)
  The ghost of dobroeutro the Ruffian, a novice TrMo of Cheibriados (D:7)
  A hippogriff (D:7)
  A yak (D:9)
  A spriggan (D:8)
  A porcupine (D:9)
  2 orc warriors
  3 ice beasts
  3 sky beasts
  A phantom (D:8)
  3 ogres
  A crocodile (D:8)
  3 centaurs
  3 big kobolds
  6 bullfrogs
  A gnoll sergeant (D:5)
  2 scorpions
  8 killer bees
  3 wights (D:7)
  5 howler monkeys
  5 crimson imps
  3 hounds
  A jelly (D:7)
  2 quasits (D:8)
  3 orc priests
  11 orc wizards
  2 iguanas
  4 worker ants
  2 killer bee zombies
  10 gnolls
  12 adders
  A river rat (D:9)
  5 shadow imps
  An ooze (D:3)
  A worm (D:3)
  2 dart slugs (D:2)
  6 leopard geckos
  31 orcs
  A ball python (D:2)
  5 giant cockroaches
  7 goblins
  14 hobgoblins
  10 jackals
  19 kobolds
  3 quokkas
  6 bats
  7 frilled lizards
  15 rats
239 creatures vanquished.

Vanquished Creatures (others)
  3 bushes (D:9)
  A fungus (D:9)
  2 plants (D:9)
6 creatures vanquished.

Grand Total: 245 creatures vanquished

Notes
Turn   | Place    | Note
-------+----------+-------------------------------------------
     0 | D:1      | dobroeutro the Troll Monk began the quest for the Orb.
     0 | D:1      | Reached XP level 1. HP: 22/22 MP: 0/0
    89 | D:1      | Reached XP level 2. HP: 29/29 MP: 1/1
   591 | D:1      | Reached XP level 3. HP: 33/36 MP: 2/2
   750 | D:2      | Found a shimmering altar of Xom.
   752 | D:2      | Found a glowing golden altar of the Shining One.
   752 | D:2      | Found a shimmering altar of Xom.
   754 | D:2      | Found a glowing golden altar of the Shining One.
   754 | D:2      | Found a bloodstained altar of Trog.
   754 | D:2      | Found a snail-covered altar of Cheibriados.
   896 | D:2      | Reached skill level 4 in Unarmed Combat
   988 | D:2      | Reached XP level 4. HP: 44/44 MP: 3/3
  1003 | D:2      | Found a glowing silver altar of Zin.
  1013 | D:2      | Found a white marble altar of Elyvilon.
  1041 | D:2      | Reached skill level 1 in Armour
  1485 | D:3      | Found a shadowy altar of Dithmenos.
  1613 | D:3      | Found a stormy altar of Qazlal.
  1951 | D:3      | Reached XP level 5. HP: 49/53 MP: 4/4
  2261 | D:4      | Found a sacrificial altar of Ru.
  2291 | D:4      | Reached skill level 5 in Unarmed Combat
  2354 | D:4      | Reached XP level 6. HP: 60/61 MP: 5/5
  2775 | D:4      | Found an iron altar of Okawaru.
  2775 | D:4      | Found a faded altar of an unknown god.
  2789 | D:4      | Found a faded altar of an unknown god.
  2791 | D:4      | Found a faded altar of an unknown god.
  2793 | D:4      | Found a faded altar of an unknown god.
  2848 | D:5      | Entered Level 5 of the Dungeon
  2861 | D:5      | Reached skill level 6 in Unarmed Combat
  2909 | D:5      | Reached XP level 7. HP: 66/68 MP: 4/6
  2922 | D:5      | Found Ishraxt's Magic Scroll Emporium.
  3111 | D:5      | Reached skill level 7 in Unarmed Combat
  3534 | D:6      | Found a staircase to the Ecumenical Temple.
  3540 | D:6      | Reached XP level 8. HP: 74/78 MP: 7/7
  3549 | Temple   | Entered the Ecumenical Temple
  3774 | Temple   | Became a worshipper of Cheibriados the Contemplative
  3774 | Temple   | Reached * piety under Cheibriados
  3774 | Temple   | Reached ** piety under Cheibriados
  4208 | D:6      | Noticed RexLacerta's ghost (novice HaSk)
  4486 | D:7      | Reached skill level 8 in Unarmed Combat
  4697 | D:7      | Found a bloodstained altar of Trog.
  4711 | D:7      | Reached skill level 5 in Fighting
  4810 | D:7      | Noticed a hippogriff
  4818 | D:7      | Killed a hippogriff
  4818 | D:7      | Reached skill level 9 in Unarmed Combat
  4916 | D:7      | Found Tazu's Antique Armour Boutique.
  4956 | D:7      | Reached XP level 9. HP: 68/88 MP: 6/8
  4989 | D:7      | Noticed dobroeutro's ghost (novice TrMo)
  5001 | D:7      | Killed dobroeutro's ghost
  5001 | D:7      | Reached skill level 5 in Armour
  5140 | D:8      | Reached *** piety under Cheibriados
  5156 | D:8      | Gained mutation: Your flesh is heat resistant. (rF+) [mutagenic meat]
  5157 | D:8      | Gained mutation: You are clumsy. (Dex -2) [mutagenic meat]
  5282 | D:8      | Reached skill level 10 in Unarmed Combat
  5361 | D:8      | Gained mutation: You are frail. (-10% HP) [mutagenic meat]
  5362 | D:8      | Gained mutation: You have large cloven feet. [mutagenic meat]
  5363 | D:8      | Gained mutation: Your muscles are strong. (Str +2) [mutagenic meat]
  5364 | D:8      | Gained mutation: You expend magic power (3 MP) to strengthen your wands. [mutagenic meat]
  5401 | D:8      | Found a shadowy altar of Dithmenos.
  5493 | D:8      | Noticed a tengu warrior
  5500 | D:8      | Killed a tengu warrior
  5500 | D:8      | Reached XP level 10. HP: 38/88 MP: 1/9
  5517 | D:8      | Reached **** piety under Cheibriados
  6093 | D:9      | Reached skill level 11 in Unarmed Combat
  6120 | D:9      | Reached skill level 1 in Invocations
  6141 | D:9      | Reached ***** piety under Cheibriados
  6218 | D:9      | Slain by a yak

Vault maps used:
D:1:      saegor_arrival_simple_b
D:2:      amethyst_overflow_temple_binary, first_bread, doesnt_xom_only_xom
D:3:      overflow_temple_1_default, lemuel_statue_altar
D:4:      chequers_temple_overflow_minitemple, nicolae_ru_path_of_blood
D:5:      serial_shops, nicolae_shop_trees
D:6:      patterned_corridor
D:7:      lemuel_doored_altar, serial_shops, nicolae_shop_overgrown_old_shop
D:8:      grunt_dithmenos_smoke, the_bakery, kennysheep_diamond
D:9:      lemuel_crystal_altar, kennysheep_mini_moat, minmay_lair_entry_grove
Temple:   oiseaux_autumnal_temple

Skill      XL: |  1  2  3  4  5  6  7  8  9 10 |
---------------+-------------------------------+-----
Unarmed Combat | 4 5 6 7 9 10 11 | 11.1
Armour         | 1 2 3 4 5 6 |  6.3
Fighting       | 3 4 5 6 |  6.6
Dodging        | 3 4 |  4.4
Invocations    | 1 |  1.4
Stealth        | |  1.0

Action                   |  1- 3 |  4- 6 |  7- 9 | 10-12 || total
-------------------------+-------+-------+-------+-------++-------
Melee: Unarmed           |   120 |   176 |   266 |   105 ||   667
       Punch             |       |     2 |    13 |     1 ||    16
       Kick              |       |       |     8 |    36 ||    44
  Use: Scroll            |       |     6 |       |     3 ||     9
 Stab: Sleeping          |     5 |     2 |     6 |     2 ||    15
       Distracted        |       |     2 |     1 |     1 ||     4
  Eat: Chunk             |    15 |    17 |    24 |     6 ||    62
Armor: Robe              |    51 |    36 |    71 |    33 ||   191
Dodge: Dodged            |    81 |    67 |   159 |    77 ||   384
